 Dungeon Crawl Stone Soup version 0.26.0-20-g3ca415f5b8 (webtiles) character file.

Game seed: 9496340961678528897

78 kaeus the Firebug (level 4, 0/24 HPs)
             Began as a Gargoyle Fire Elementalist on Jan 25, 2021.
             Slain by a bullfrog (6 damage)
             ... on level 3 of the Dungeon.
             The game lasted 00:02:57 (3394 turns).

kaeus the Firebug (Gargoyle Fire Elementalist)      Turns: 3394, Time: 00:02:58

Health: 0/24       AC:  8    Str: 12    XL:     4   Next: 36%
Magic:  3/7        EV: 11    Int: 16    God:
Gold:   88         SH:  0    Dex: 10    Spells: 7/8 levels left

rFire    . . .     SeeInvis .   d - +3 hand axe (venom)
rCold    . . .     Faith    .   (no shield)
rNeg     + . .     Spirit   .   t - +1 leather armour
rPois    ∞         Reflect  .   (no helmet)
rElec    +         Harm     .   (no cloak)
rCorr    .         Rampage  .   f - +0 pair of gloves
Will     .....                  (no boots)
Stlth    ++........             (no amulet)
HPRegen  0.08/turn              (no ring)
MPRegen  0.10/turn              (no ring)

@: no status effects
A: negative energy resistance 1, electricity resistance, unbreathing,
petrification resistance, miasma immunity, AC +3
a: no special abilities


You were on level 3 of the Dungeon.
You visited 1 branch of the dungeon, and saw 3 of its levels.

You collected 88 gold pieces.

Inventory:

Hand Weapons
 d - a +3 hand axe of venom (weapon)
Armour
 f - a +0 pair of gloves (worn)
 t - a +1 leather armour (worn)
Wands
 a - a wand of paralysis (6)
 s - a wand of iceblast (7)
Scrolls
 c - 3 scrolls of enchant armour
 e - a scroll of amnesia
 h - a scroll of immolation {unknown}
 k - 3 scrolls of identify
 l - 5 scrolls of teleportation
 o - a scroll of fog
Potions
 b - a potion of attraction {unknown}
 g - a potion of brilliance {unknown}
 i - 2 potions of curing {unknown}
 j - a potion of resistance {unknown}
 m - a potion of cancellation {unknown}
 q - a potion of flight {unknown}
 r - a potion of heal wounds {unknown}


   Skills:
 - Level 1.5 Dodging
 - Level 2.1 Stealth
 + Level 2.5 Spellcasting
 * Level 2.9 Conjurations
 * Level 3.9 Fire Magic


You had 7 spell levels left.
You knew the following spells:

 Your Spells              Type           Power        Failure   Level
a - Foxfire               Conj/Fire      48%          6%          1

Your spell library contained the following spells:

 Spells                   Type           Power        Failure   Level
 Conjure Flame            Conj/Fire      12%          19%         3
 Inner Flame              Hex/Fire       8%           32%         3
 Sticky Flame             Conj/Fire      12%          52%         4
 Fireball                 Conj/Fire      6%           86%         5


Dungeon Overview and Level Annotations

Branches:
Dungeon (3/15)

Altars:
Xom


Innate Abilities, Weirdness & Mutations

You are resistant to torment.
Your stone body is resilient. (AC +3)
You are immune to poison.
You resist negative energy. (rN+)
You are resistant to electric shocks. (rElec)
You can survive without breathing.
You are immune to petrification.
You are immune to miasma.


Message History

There are monsters nearby!
The bullfrog hits you.
* * * LOW HITPOINT WARNING * * *
You take 3 damage, and have 6/24 hp.
The bullfrog hits you but does no damage.
The bullfrog hits you.
* * * LOW HITPOINT WARNING * * *
You take 1 damage, and have 6/24 hp.
Casting: Foxfire (safe; 6% risk of failure)
Confirm with . or Enter, or press ? or * to list all spells.
You conjure some foxfire!
The bullfrog barely misses you.
You now have 3/7 mp.
You barely miss the bullfrog.
The bullfrog is heavily wounded.
The foxfire hits the bullfrog.
The bullfrog is severely wounded.
The foxfire hits the bullfrog.
The bullfrog is almost dead.
The bullfrog hits you.
You die...

#.#..........
#.#...)...... #.# #w# #
#.# #.# # #.# #.# #####
#.# #.# ....# #.# #.#
###.# #.###F#######.
#.# #....@........
#.############§########
#..............#
#.############## #.#
#.# ###


You could see a bullfrog and a dart slug.

Vanquished Creatures
  An adder (D:3)
  A worm (D:3)
  A leopard gecko (D:1)
  4 orcs (D:3)
  5 bats
  2 giant cockroaches
  13 hobgoblins
  A jackal (D:3)
  2 quokkas (D:2)
  A ball python (D:1)
  5 frilled lizards
  6 goblins
  7 kobolds
  6 rats
55 creatures vanquished.

Vanquished Creatures (others)
  193 foxfires
193 creatures vanquished.

Grand Total: 248 creatures vanquished

Notes
Turn   | Place    | Note
-------+----------+-------------------------------------------
     0 | D:1      | kaeus the Gargoyle Fire Elementalist began the quest for
                  | the Orb.
     0 | D:1      | Reached XP level 1. HP: 10/10 MP: 3/3
   434 | D:1      | Reached XP level 2. HP: 15/15 MP: 0/5
  1040 | D:1      | Reached XP level 3. HP: 19/19 MP: 1/6
  2682 | D:3      | Found a shimmering altar of Xom.
  2692 | D:3      | Reached XP level 4. HP: 24/24 MP: 0/7
  3380 | D:3      | Noticed a bullfrog
  3394 | D:3      | Slain by a bullfrog

Illustrated notes

Levels and vault maps discovered:
D:1:      psy_arrival_whirlpool, layout_basic
D:2:      layout_basic
D:3:      minmay_thinvault, layout_basic, xom_teletrap_fun

Skill      XL: |  1  2 |
---------------+-------+-----
Conjurations   | 2 |  2.9
Dodging        | |  1.5
Stealth        | |  2.1
Spellcasting   | |  2.5
Fire Magic     | |  3.9

Action                   |  1- 3 |  4- 6 || total
-------------------------+-------+-------++-------
Melee: Dagger            |    48 |     7 ||    55
       Unarmed           |     1 |       ||     1
       Hand axe          |       |     7 ||     7
       Battleaxe         |       |     5 ||     5
 Cast: Foxfire           |   116 |    21 ||   137
  Use: Scroll            |     6 |       ||     6
Armor: Robe              |    14 |       ||    14
       Leather armour    |       |     6 ||     6
Dodge: Dodged            |    35 |    10 ||    45
